 Dungeon Crawl Stone Soup version 0.21.1-1-g345015f (webtiles) character file.

155 Lanoc the Slasher (level 5, 0/69 HPs)
             Began as a Draconian Berserker on Mar 18, 2018.
             Was a Believer of Trog.
             Killed by nerve-wracking pain
             ... invoked by an orc priest
              (13 damage)
             ... on level 4 of the Dungeon.
             The game lasted 00:03:48 (1959 turns).

Lanoc the Slasher (Draconian Berserker)             Turns: 1959, Time: 00:03:49

Health: 0/69       AC:  8    Str: 24    XL:     5   Next: 14%
Magic:  5/5        EV: 13    Int:  7    God:    Trog [**....]
Gold:   172        SH:  0    Dex: 12    Spells: 4/4 levels left

rFire    . . .     SeeInvis .   a - +0 falchion
rCold    . . .     Gourm    .   (no shield)
rNeg     . . .     Faith    .   (armour unavailable)
rPois    .         Spirit   .   (helmet restricted)
rElec    .         Reflect  .   (no cloak)
rCorr    .         Harm     .   (no gloves)
MR       .....                  c - +2 pair of boots
Stlth    ..........             (no amulet)
HPRegen  0.21/turn              (no ring)
MPRegen  0.09/turn              (no ring)

@: berserking, drained, very quick
A: unfitting armour, cold-blooded, AC +5
a: Berserk, Trog's Hand, Burn Spellbooks, Renounce Religion


You were on level 4 of the Dungeon.
You worshipped Trog.
Trog was pleased with you.
You were very hungry.

You visited 1 branch of the dungeon, and saw 4 of its levels.

You collected 172 gold pieces.

Inventory:

Hand Weapons
 a - a +0 falchion (weapon)
Armour
 c - a +2 pair of boots (worn)
Scrolls
 d - 3 scrolls of enchant weapon {unknown}
 e - 2 scrolls of teleportation {unknown}
 i - a scroll of fear {unknown}
 k - a scroll of identify {unknown}
 m - 4 scrolls of remove curse {unknown}
 o - a scroll of fog {unknown}
Potions
 f - a potion of agility {unknown}
 g - a potion of flight {unknown}
 h - 2 potions of might {unknown}
 j - a potion of berserk rage {unknown}
 l - a potion of curing {unknown}
 n - a potion of brilliance {unknown}
Comestibles
 b - 8 rations


   Skills:
 + Level 4.2 Fighting
 * Level 4.6 Long Blades
 + Level 3.5 Dodging


You had 4 spell levels left.
You didn't know any spells.

Dungeon Overview and Level Annotations

Branches:
Dungeon (4/15)
 Temple: D:4-7

Altars:
Cheibriados
Sif Muna
Vehumet


Innate Abilities, Weirdness & Mutations

Your plain brown scales are hard. (AC +5)
You cannot fit into any form of body armour.
You are cold-blooded and may be slowed by cold attacks.


Message History

The orc priest is lightly wounded.
The orc priest hits you but does no damage.
The orc priest mumbles some strange prayers to Beogh against you.
Beogh smites you!
* * * LOW HITPOINT WARNING * * *
A red film seems to cover your vision as you go berserk!
You feel yourself moving faster!
You feel mighty!
You are feeling very hungry.
The orc priest closely misses you.
You riposte.
You slash the orc priest!
The orc priest is almost dead.
The orc priest hits you but does no damage.
You slash the orc priest!
You kill the orc priest!
Trog accepts your kill.
You have reached level 5!
You hit the orc priest.
The orc priest is moderately wounded.
The orc priest invokes the aid of Beogh against you.
Pain shoots through your body!
You die...

#. # .# #.. .# ##.#
..##. ....# # ... .....
#.####.# ....##
......#####......
#......oo......
##########......@o......
........................
#######.##.....)........
<.......##..............
#######.##.......?......
#.####+#.########. #.#
#.# #.# ### ..#


You could see an orc priest, an orc wizard and an orc.

Vanquished Creatures
  A hound (D:2)
  An orc priest (D:4)
  An orc wizard (D:3)
  2 adders (D:3)
  An ooze (D:2)
  3 worms
  A dart slug (D:3)
  A leopard gecko (D:3)
  3 orcs
  A ball python (D:1)
  A giant cockroach (D:3)
  3 hobgoblins
  6 kobolds
  3 bats
  2 frilled lizards
  4 goblins
  5 rats
39 creatures vanquished.

Notes
Turn   | Place    | Note
-------+----------+-------------------------------------------
     0 | D:1      | Lanoc the Draconian Berserker began the quest for the Orb.
     0 | D:1      | Reached XP level 1. HP: 19/19 MP: 1/1
   611 | D:2      | Reached XP level 2. HP: 26/26 MP: 2/2
   698 | D:2      | HP: 1/26 [worm (5)]
   994 | D:2      | Found a deep blue altar of Sif Muna.
  1135 | D:2      | Reached XP level 3. HP: 32/33 MP: 3/3
  1428 | D:3      | Found a radiant altar of Vehumet.
  1442 | D:3      | Reached XP level 4. HP: 12/40 MP: 4/4
  1492 | D:3      | Found a snail-covered altar of Cheibriados.
  1806 | D:3      | Reached ** piety under Trog
  1958 | D:4      | Reached XP level 5. HP: 12/46 MP: 5/5
  1959 | D:4      | Killed from afar by an orc priest

Skill      XL: |  1  2  3  4 |
---------------+-------------+-----
Dodging        | 3 |  3.5
Long Blades    | 4 |  4.6
Fighting       | 4 |  4.2

Action                   |  1- 3 |  4- 6 || total
-------------------------+-------+-------++-------
Melee: Falchion          |    86 |    39 ||   125
       Tailslap          |     8 |     9 ||    17
Invok: Berserk           |     1 |     2 ||     3
 Stab: Sleeping          |     1 |       ||     1
  Eat: Ration            |     1 |       ||     1
       Chunk             |       |     2 ||     2
Armor: Skin              |    31 |    12 ||    43
Dodge: Dodged            |    49 |    22 ||    71
       Rpst.: Falchion   |    17 |     8 ||    25
